[Event "Late-Titled-Tuesday-Blitz-January-30-2024"]
[Site "Chess.com"]
[Date "2024.01.30"]
[Round "8"]
[White "english_player_89"]
[Black "winniethepooh04"]
[Result "1-0"]
[WhiteElo "2437"]
[BlackElo "2509"]
[TimeControl "180+1"]
[EndTime "15:28:44 PST"]
[Termination "english_player_89 won by resignation"]

1. e4 e6 2. d4 d5 3. Nc3 dxe4 4. Nxe4 Nd7 5. Bd3 Ngf6 6. Ne2 c5 7. O-O cxd4 8. Nxd4 Be7 9. Qe2 O-O 10. Rd1 a6 11.
Ng5 Qb6 12. c3 h6 13. Ngf3 Re8 14. Be3 Qc7 15. Qd2 e5 16. Nf5 e4 17. Bxh6 exd3 18. Bxg7 Ne5 19. Nxe5 Bxf5 20. Qg5 Nh7 21. Qxf5 Bd6 22.
Qg4 f5 23. Qc4+ Kxg7 24. Qxc7+ Bxc7 25. Nxd3 b6 26. Kf1 Rad8 27. Nb4 Rxd1+ 28. Rxd1 Rd8 29. Rxd8 Bxd8 30. Nxa6 Nf6 31. Nb4 Kf7 32. Ke2 Ke6 33. Nd3 Bc7 34. g3 Ng4 35. h4 Kd5 36. h5 Nh6 37. b3 Ke4 38. Nb4 f4 39. f3+ Kf5 40.
g4+ Kg5 41. Nd5 Bd8 42. c4 Nf7 43. b4 Ne5 44. c5 bxc5 45. bxc5 Nc6 46. a4 Nd4+ 47.
Kf2 Nc6 48. Kg2 Ba5 49. Nb6 Bb4 50. Nd7 Ba3 51. Kf2 Bc1 52. Ke2 Be3 53. Kd3 Nd4 54. Ke4 Nc6 55. Kd5 Nb4+ 56. Kc4 Nc6 57. Kb5 Nd4+ 58. Kc4 Nxf3 59. c6 Bb6 60. Nxb6 Ne5+ 61.
Kd5 Nxc6 62. Kxc6 f3 63. Nc4 Kf4 64. Nd2 f2 65. h6 Ke3 66. Nf1+ Ke2 67. h7 Kxf1 68.
h8=Q Kg2 69. Qf6 f1=Q 70. Qxf1+ 1-0

[Event "Late-Titled-Tuesday-Blitz-January-30-2024"]
[Site "Chess.com"]
[Date "2024.01.30"]
[Round "8"]
[White "ccccvhhhj"]
[Black "malakismayil"]
[Result "1-0"]
[WhiteElo "2430"]
[BlackElo "2527"]
[TimeControl "180+1"]
[EndTime "15:28:45 PST"]
[Termination "ccccvhhhj won on time"]

1. e4 e5 2. Nf3 Nc6 3. d4 exd4 4.
Nxd4 Bc5 5. Nb3 Bb6 6. Nc3 d6 7. Qe2 Nf6 8. Be3 O-O 9. O-O-O h6 10. f3 Qe7 11. g4 Be6 12. h4 Nd7 13. Kb1 Nce5 14.
Nd5 Bxd5 15. exd5 Bxe3 16. Qxe3 Ng6 17. Qf2 a5 18. a4 Nc5 19. Nxc5 dxc5 20. Bd3 Nf4 21. Qg3 Qd6 22. Be4 Rfe8 23. h5 Rab8 24. g5 Ne2 25. Qg2 Ng3 26. gxh6 f5 27. Bd3 f4 28. hxg7 Kxg7 29. h6+ Kh8 30. Rhe1 Qxd5 31.
Qd2 Qg5 32. Qc3+ Kg8 33. Bc4+ Kh7 34. Bd3+ Kxh6 35. Rh1+ Nh5 36. Rdg1 Qe5 37. Qc4 Re6 38. Rg4 Rbe8 39. Rgh4 Qg5 40. Rxh5+ Qxh5 41. Rxh5+ Kxh5 42. Qxf4 Re1+ 43. Ka2 R1e5 44. Qg4+ Kh6 45. f4 R5e6 46.
f5 Rd6 47. Qh4+ Kg7 48. Qg5+ Kf7 49. Bc4+ Kf8 50. Qg8+ Ke7 51. Qf7+ Kd8 52. f6 Rd7 53. Qg6 Rf8 54. f7 c6 55. Qg7 Ke7 56. Qe5+ Kd8 57.
Qxc5 Re7 58. Qxa5+ Kd7 59. Qb6 Kd6 60. a5 Ra8 61. b4 Rf8 62. Qc5+ Kd7 63. Kb3 1-0

[Event "Late-Titled-Tuesday-Blitz-January-30-2024"]
[Site "Chess.com"]
[Date "2024.01.30"]
[Round "8"]
[White "RianKapriaga"]
[Black "ninguno46"]
[Result "0-1"]
[WhiteElo "2358"]
[BlackElo "2514"]
[TimeControl "180+1"]
[EndTime "15:28:46 PST"]
[Termination "ninguno46 won on time"]

1. d4 Nf6 2. Nf3 e6 3. Bf4 b6 4.
e3 Bb7 5. Nbd2 Be7 6. h3 c5 7. c3 O-O 8. Bd3 cxd4 9. exd4 d6 10. O-O Nbd7 11. a4 a6 12. Qe2 Re8 13. Rfd1 Bf8 14. Nc4 Qc7 15. Bh2 Bc6 16. Nfd2 b5 17. axb5 axb5 18.
Ne3 Qb7 19. Nb3 Qb6 20. Bg3 Nd5 21. Qc2 N7f6 22. Bh4 g6 23. Nxd5 Nxd5 24. Bg5 Bg7 25. Nd2 h6 26. Bh4 Nf4 27. Be4 b4 28. Nc4 Qc7 29. Bg3 Rxa1 30. Rxa1 Bxe4 31. Qxe4 Qxc4 32. Bxf4 bxc3 33. bxc3 Qxc3 34. Ra8 Rxa8 35. Qxa8+ Kh7 36. Qe8 e5 37. dxe5 dxe5 38. Be3 Qc4 39. g3 h5 40. h4 Qd5 41. Kh2 Qf3 42. Kg1 Qf5 43. Kg2 Qe4+ 44. Kg1 Qb1+ 45. Kg2 Qf5 46. Kg1 Bh6 47.
Bxh6 Qb1+ 48. Kh2 Qf5 49. Be3 f6 50. Qf7+ Kh8 51. Qf8+ Kh7 52. Qc5 Qe6 53. Qc7+ Kh8 54. Qb7 Kg8 55. Bh6 Qf7 56. Qxf7+ Kxf7 57. Kg2 Ke6 58.
Be3 Kf5 59. Kf3 g5 0-1

[Event "Late-Titled-Tuesday-Blitz-January-30-2024"]
[Site "Chess.com"]
[Date "2024.01.30"]
[Round "8"]
[White "Kacparov"]
[Black "FairChess_on_YouTube"]
[Result "1/2-1/2"]
[WhiteElo "2956"]
[BlackElo "3087"]
[TimeControl "180+1"]
[EndTime "15:28:48 PST"]
[Termination "Game drawn - insufficient material"]

1. e4 e5 2. Nf3 Nc6 3. Bb5 f5 4. d3 fxe4 5. dxe4 Nf6 6. Qd3 Bc5 7. Qc4 Qe7 8. Nc3 a6 9. Bxc6 dxc6 10. Be3 Bxe3 11.
fxe3 Be6 12. Qe2 Qb4 13. O-O-O O-O 14. Nxe5 Nxe4 15. Nxe4 Qxe4 16. Nf3 Qa4 17. a3 Rae8 18. Rd4 Qa5 19. Rhd1 Bd5 20. e4 Rf4 21. Nd2 Qc5 22. Qd3 Be6 23. Rd8 Rff8 24. Rxe8 Rxe8 25. Rf1 h6 26. h3 Qg5 27. Rf2 Rd8 28. Qf3 Kh7 29.
Qf4 Qc5 30. Rf1 Rd7 31. Qf2 Qb5 32. Re1 Qg5 33. g4 a5 34. Qe3 Qe5 35. Nf3 Qb5 36. g5 Qb6 37. Qf4 Qc5 38. Ne5 Qd6 39. gxh6 gxh6 40. Rf1 Rg7 41. h4 Bh3 42. Rh1 Re7 43. Nd3 Qxf4+ 44. Nxf4 Bg4 45. Re1 Rf7 46. Nd3 h5 47.
Kd2 Rf3 48. Re3 Rf1 49. Re1 Rf3 50. Re3 Rf8 51. Ke1 b6 52. b4 axb4 53. axb4 Kg7 54. Ne5 c5 55. bxc5 bxc5 56. Rc3 Rf4 57. Rc4 Be6 58. Rxc5 Rxh4 59. Rxc7+ Kf6 60. Nd3 Rxe4+ 61.
Kf2 h4 62. Nc5 Rf4+ 63. Ke3 Rf5 64. Rc6 Re5+ 65. Kf2 Kf5 66. Nxe6 Rxe6 67. Rxe6 Kxe6 68. Kg2 Kd5 69. Kh3 Kc4 70. Kxh4 Kc3 71. Kh5 Kxc2 1/2-1/2

[Event "Late-Titled-Tuesday-Blitz-January-30-2024"]
[Site "Chess.com"]
[Date "2024.01.30"]
[Round "8"]
[White "jlf287"]
[Black "GaiozNigalidze"]
[Result "0-1"]
[WhiteElo "2522"]
[BlackElo "2703"]
[TimeControl "180+1"]
[EndTime "15:28:48 PST"]
[Termination "GaiozNigalidze won by resignation"]

1. d4 Nf6 2. c4 g6 3. g3 d6 4. Bg2 Bg7 5. Nc3 O-O 6. Nf3 Nc6 7. O-O a6 8. b3 Rb8 9. d5 Na5 10. Bd2 c5 11. dxc6 bxc6 12. Rc1 c5 13. Bg5 Bb7 14. Qd2 Re8 15. Rfd1 Nc6 16. Qf4 Nb4 17. Rd2 Nh5 18.
Qh4 Nf6 19. a3 Nc6 20. Nd5 Nxd5 21. cxd5 Ne5 22. b4 Nxf3+ 23. Bxf3 cxb4 24. axb4 Bc8 25. Rdc2 Bd7 26. Rc7 f6 27. Bd2 Rc8 28. Qc4 Rxc7 29. Qxc7 Qxc7 30. Rxc7 Bb5 31. h4 h5 32. Be4 f5 33. Bd3 Bxd3 34. exd3 Kf7 35. Ra7 Rc8 36. Rxa6 Rc2 37. Be3 Rb2 38. Rb6 Rb3 39. d4 Rd3 40. Rb5 Bxd4 41. Bxd4 Rxd4 42. Kg2 Kf6 43. f4 Rd3 44. Kf2 Rd2+ 45. Kf3 Rb2 46. Ke3 Rb3+ 47. Kf2 Kf7 48. Kg2 Ke8 49. Rb8+ Kf7 50. Rb5 Kf6 51. Kf2 e5 52. dxe6 Kxe6 53. Rb8 Kd5 54. Rg8 Ke4 55.
Rxg6 Rb2+ 56. Kf1 d5 57. Rg5 d4 58. Rxh5 d3 59. Rh8 Rb1+ 60. Kf2 d2 61. Rd8 d1=Q 62.
Rxd1 Rxd1 63. h5 Rh1 64. g4 fxg4 65. Kg3 Rxh5 66. Kxg4 Rf5 67. b5 Rxf4+ 68. Kg5 Rf5+ 69. Kg6 Rxb5 0-1

[Event "Late-Titled-Tuesday-Blitz-January-30-2024"]
[Site "Chess.com"]
[Date "2024.01.30"]
[Round "8"]
[White "jk13"]
[Black "WPWPWP-2015"]
[Result "0-1"]
[WhiteElo "2670"]
[BlackElo "2481"]
[TimeControl "180+1"]
[EndTime "15:28:48 PST"]
[Termination "WPWPWP-2015 won by resignation"]

1. e4 e5 2. Nf3 Nc6 3. Bc4 Nf6 4. d3 Bc5 5. O-O O-O 6. c3 Re8 7. Re1 Bf8 8. Bb3 h6 9. h3 d6 10.
Nbd2 Ne7 11. d4 Ng6 12. Bc2 c6 13. Nf1 a5 14. Ng3 Be6 15. Be3 Bd7 16. a4 Qc7 17.
Bb3 Be6 18. Bc2 Rad8 19. Qd2 Bc8 20. c4 d5 21. dxe5 Bb4 22. Qc1 Nxe4 23. Nxe4 dxe4 24. Bxe4 Nxe5 25. Rd1 Rxd1+ 26. Qxd1 Nxc4 27. Qd3 Nxe3 28. fxe3 Qe7 29. Bh7+ Kh8 30. Kf2 Bc5 31. Re1 g6 32. Bxg6 fxg6 33. Qxg6 Qe6 34. Qd3 Bb4 35. Re2 Qf6 36.
Kg1 Bf5 37. Qc4 Be6 38. Qc2 Bg8 39. e4 Bh7 40. Qc4 Qe6 41. Qd4+ Kg8 42. e5 Qe7 43. Kh1 Qe6 44. Qf4 Bf8 45. Nd4 Qf7 46. Qg3+ Qg6 47. Qb3+ Kh8 48. Qxb7 c5 49. Nf3 Qd3 50. Re1 Qf5 51.
Qc6 Qe6 52. Qb5 Bf5 53. Kh2 Bg7 54. Qxa5 Qe7 55. Qc3 Be6 56. Re3 Rf8 57. Kh1 Rg8 58. a5 Bf8 59. Re4 Bd5 60. Rf4 Bg7 61. Qe3 Bxf3 62. Qxf3 Qxe5 63. Re4 Qxb2 64. Re1 Qb4 65. a6 Qxe1+ 66. Kh2 Be5+ 67. g3 Bxg3+ 68. Kg2 Be5+ 69. Qg4 Rxg4+ 70. hxg4 Qe2+ 0-1

[Event "Late-Titled-Tuesday-Blitz-January-30-2024"]
[Site "Chess.com"]
[Date "2024.01.30"]
[Round "8"]
[White "Viktor_Poddubnyi"]
[Black "rhungaski"]
[Result "0-1"]
[WhiteElo "2325"]
[BlackElo "2505"]
[TimeControl "180+1"]
[EndTime "15:28:50 PST"]
[Termination "rhungaski won on time"]

1. e4 e6 2. d4 d5 3. Nd2 Be7 4. Ngf3 Nf6 5. e5 Nfd7 6. Bd3 c5 7. c3 b6 8. O-O Ba6 9. Bxa6 Nxa6 10. Ne1 Qc7 11. Qg4 g6 12. a3 c4 13. Ndf3 h6 14. h4 O-O-O 15. Nc2 Nab8 16. Bd2 a5 17. Rfe1 a4 18. Nb4 Bxb4 19. axb4 b5 20. Qh3 Rdg8 21. Nh2 g5 22. h5 Nc6 23. Ng4 Ne7 24. Qf3 Nf5 25.
g3 Qc6 26. Kg2 Kb7 27. Ne3 Nxe3+ 28. fxe3 f5 29. Kf2 g4 30. Qf4 Rg5 31. Rh1 Rh7 32.
Rh2 Nb6 33. Rhh1 Qe8 34. Rh2 Kc6 35. Rah1 Nd7 36. Kg2 Kb6 37. Qf2 Rg8 38. Ra1 Nb8 39.
Qf4 Nc6 40. Qf2 Nd8 41. Qf4 Qc6 42. Rah1 Nf7 43. Ra1 Ng5 44. Rah1 Nf3 45. Rd1 Rg5 46. Bc1 Qe8 47. Rdh1 Nxh2 48. Rxh2 Rxh5 49. e4 Rxh2+ 50. Kxh2 Qh5+ 51. Kg1 fxe4 52. Qf8 Qf7 53. Qc5+ Ka6 54.
Qc6+ Ka7 55. Qxb5 Qc7 56. Qxa4+ Kb8 57. Qe8+ Kb7 58. Qxe6 Qc6 59. Qg8 Re7 60. Bf4 h5 61. Qf8 Qe6 62. Qd8 Rc7 63. b5 h4 0-1

[Event "Late-Titled-Tuesday-Blitz-January-30-2024"]
[Site "Chess.com"]
[Date "2024.01.30"]
[Round "8"]
[White "guillembaches"]
[Black "GAO"]
[Result "1-0"]
[WhiteElo "2525"]
[BlackElo "2391"]
[TimeControl "180+1"]
[EndTime "15:28:52 PST"]
[Termination "guillembaches won by checkmate"]

1. d4 Nf6 2. Nf3 e6 3. Bg5 d5 4. Nbd2 Be7 5. e3 O-O 6. Bd3 b6 7. Ne5 Bb7 8. Qf3 Nbd7 9. c3 c5 10. Rd1 Nxe5 11. dxe5 Nd7 12. Bxe7 Qxe7 13. Qh3 f5 14.
exf6 Nxf6 15. Qh4 Rae8 16. O-O e5 17. Rfe1 e4 18. Bb5 Rd8 19. Nf1 a6 20. Ba4 Qe5 21. Qg3 Qxg3 22. Nxg3 g6 23. Rd2 Ng4 24. Red1 Kg7 25.
Nxe4 Ne5 26. Bb3 c4 27. Bc2 Rde8 28. Nd6 Re7 29. Nxb7 Rxb7 30. Rxd5 Kf6 31. h3 Re8 32. f4 Nf7 33. Kf2 b5 34. a3 a5 35. Rd7 Rb6 36. g4 h6 37. h4 b4 38. g5+ hxg5 39. hxg5+ Kg7 40. axb4 axb4 41. R1d2 bxc3 42. bxc3 Rb2 43. Kf3 Rb6 44. Be4 Rf8 45. Ra7 Re6 46. Rdd7 Kg8 47.
Bd5 Ne5+ 48. Kg2 Nxd7 49. Rxd7 Re8 50. Rd6 Kf7 51. Rxe6 Rxe6 52. Bxc4 Ke7 53. Bxe6 Kxe6 54. Kf3 Kd6 55. e4 Ke7 56. Kg4 Kf8 57. f5 Kg7 58. f6+ Kh8 59. e5 Kh7 60. c4 Kh8 61. c5 Kh7 62. c6 Kg8 63. e6 Kf8 64. Kf4 Ke8 65.
Ke5 Kd8 66. Kd5 Kc8 67. Kc5 Kc7 68. Kd5 Kc8 69. Kd6 Kd8 70. e7+ Ke8 71. c7 Kf7 72. Kd7 Kg8 73. e8=Q+ Kh7 74. Qf7+ Kh8 75. Qg7# 1-0

[Event "Late-Titled-Tuesday-Blitz-January-30-2024"]
[Site "Chess.com"]
[Date "2024.01.30"]
[Round "8"]
[White "Kostukov_Alex"]
[Black "Nouali_Mohamed"]
[Result "1-0"]
[WhiteElo "2305"]
[BlackElo "2459"]
[TimeControl "180+1"]
[EndTime "15:28:54 PST"]
[Termination "Kostukov_Alex won by resignation"]

1. g3 h5 2. Nf3 d5 3. Bg2 Nc6 4.
d4 Bf5 5. O-O Qd7 6. c4 e6 7. Nc3 Bb4 8. Bf4 a6 9. cxd5 exd5 10.
Ne5 Nxe5 11. dxe5 Bxc3 12. bxc3 Ne7 13. Qd4 c6 14. Rad1 Qe6 15. Qb6 O-O 16. Qxb7 Ng6 17. Qb4 Nxe5 18. Rfe1 Rfb8 19. Qd4 f6 20. e4 dxe4 21.
Bxe4 Bg4 22. Rc1 Rd8 23. Qe3 Nc4 24. Qc5 Qf7 25. Qxc6 Rac8 26. Qxa6 Nd2 27. Bg2 Nf3+ 28. Bxf3 Bxf3 29. Qe6 Qxe6 30. Rxe6 Kf7 31. Re3 Bg4 32. h4 Rd2 33. Re7+ Kxe7 34. Bxd2 Ra8 35. Rc2 Ra4 36. Rb2 Bf3 37. Be3 Ra6 38. Bd4 Re6 39. Kf1 Bg4 40.
f4 Re4 41. Kf2 Kf7 42. Rb7+ Kg6 43. Rb2 Re8 44. a4 Rc8 45. Ra2 Ra8 46. a5 Be6 47.
Ra4 Kf5 48. a6 Kg4 49. a7 Bd5 50.
Rb4 Be4 51. Rb8 f5 52. Rxa8 Bxa8 53. Bxg7 Bb7 54. Bf6 Ba8 55. Bg5 Bb7 56. c4 Ba8 57. Ke3 Kxg3 58. Kd4 Kf3 59. Kc5 Ke4 60. Kd6 Kd4 61. c5 Kc4 62. c6 Kb5 63. c7 Bb7 64. a8=Q 1-0

[Event "Late-Titled-Tuesday-Blitz-January-30-2024"]
[Site "Chess.com"]
[Date "2024.01.30"]
[Round "8"]
[White "ChristopherYoo"]
[Black "GMAkobianSTL"]
[Result "1-0"]
[WhiteElo "2935"]
[BlackElo "2725"]
[TimeControl "180+1"]
[EndTime "15:28:56 PST"]
[Termination "ChristopherYoo won on time"]

1. Nf3 d5 2. g3 c5 3. Bg2 Nc6 4.
O-O e5 5. d3 h6 6. Nbd2 Nf6 7. e4 d4 8. Nc4 Qc7 9. a4 Bg4 10. c3 O-O-O 11. h3 Be6 12. Qe2 g5 13. Bd2 Kb8 14. Rfc1 Bxc4 15. dxc4 Bd6 16. cxd4 exd4 17. e5 Nxe5 18. Nxe5 Bxe5 19. Qd3 Nd7 20. b4 Bd6 21. b5 Ne5 22. Qe4 f5 23. Qxf5 Rde8 24. a5 Rhf8 25.
b6 Rxf5 26. bxc7+ Kxc7 27. f4 gxf4 28. Bxf4 Nd3 29. Rcb1 Nb4 30. Bxh6 Bxg3 31. Rf1 Rxf1+ 32. Rxf1 Re1 33. Bf4+ Bxf4 34. Rxe1 d3 35. Rd1 d2 36. Be4 Na2 37. Bc2 Nc3 38. Rf1 Be3+ 39. Kg2 b6 40. a6 b5 41. cxb5 Kb6 42. Rf7 Kxb5 43. Rxa7 Bd4 44. h4 d1=Q 45. Bxd1 Nxd1 46. Kf3 Kb6 47. Ra8 Ne3 48. a7 Nc4 49. Ke4 Kb7 50. Rd8 Kxa7 51. h5 Bb2 52. h6 Kb7 53. Kf5 Kc6 54.
Ke6 Nb6 55. Rd6+ Kb5 56. Rd2 Ba1 57. Rd1 Bc3 58. Rc1 Bd4 59. Kf5 c4 60. Ke4 Bf6 61. Rf1 Bc3 62. Rf7 Na4 63. Rb7+ Kc5 64. Rg7 Nb2 65.
Rg5+ Kb4 66. Rg8 Nd3 67. Rb8+ Kc5 68. Rc8+ Kb5 69. Kd5 Nb4+ 70. Kd6 Bd4 71. h7 c3 72. Rb8+ 1-0

[Event "Late-Titled-Tuesday-Blitz-January-30-2024"]
[Site "Chess.com"]
[Date "2024.01.30"]
[Round "8"]
[White "traviscottofficial"]
[Black "Nick12772"]
[Result "1-0"]
[WhiteElo "2611"]
[BlackElo "2385"]
[TimeControl "180+1"]
[EndTime "15:28:56 PST"]
[Termination "traviscottofficial won by checkmate"]

1. d4 Nf6 2. c4 g6 3. Nc3 d5 4.
cxd5 Nxd5 5. Bd2 Bg7 6. e4 Nxc3 7. Bxc3 O-O 8. Nf3 Bg4 9. Be2 c6 10. O-O Nd7 11. h3 Bxf3 12. Bxf3 e6 13. Qb3 Qb6 14.
Rfd1 Qxb3 15. axb3 a6 16. d5 exd5 17. exd5 cxd5 18.
Bxd5 Bxc3 19. bxc3 Rab8 20. c4 Nf6 21. Bf3 Rfe8 22. Rd6 Kg7 23. Rb6 Nd7 24. Rxb7 Nc5 25. Rxb8 Rxb8 26. Ra5 Nxb3 27. Rxa6 Nd2 28. Be2 Rb1+ 29.
Kh2 Rc1 30. Rd6 Rc2 31. Bd1 Rb2 32. c5 Ne4 33. Rd5 Nxf2 34. Ba4 Rb4 35. Be8 Rc4 36. c6 Ne4 37. Rd7 Ng5 38. Rc7 Kf8 39. Bd7 Ne6 40.
Rc8+ Kg7 41. Kg3 Rc3+ 42. Kf2 h5 43. Bxe6 fxe6 44. g4 hxg4 45. hxg4 Kf6 46. c7 Kg5 47. Ke2 Kxg4 48. Kd2 Rc6 49. Kd3 g5 50. Ke4 Kg3 51. Ke5 g4 52. Kf6 Kg2 53. Ke7 g3 54. Kd7 Rc1 55. Rg8 Rxc7+ 56. Kxc7 Kf2 57. Rf8+ Kg1 58.
Kd6 g2 59. Ke5 Kh1 60. Rh8+ Kg1 61. Ke4 Kf2 62. Rf8+ Ke2 63. Rg8 Kf2 64. Rf8+ Ke2 65. Ra8 Kf2 66. Ra2+ Kf1 67. Kf3 Ke1 68. Ra1+ Kd2 69.
Rg1 Kd3 70. Rxg2 e5 71. Re2 e4+ 72. Rxe4 Kc3 73. Kf4 Kd3 74. Ke5 Kd2 75. Kd5 Kc3 76.
Rd4 Kc2 77. Kc5 Kb3 78. Rd3+ Kc2 79. Kc4 Kb2 80. Rd2+ Kc1 81. Kc3 Kb1 82. Kb3 Ka1 83. Rd1# 1-0

[Event "Late-Titled-Tuesday-Blitz-January-30-2024"]
[Site "Chess.com"]
[Date "2024.01.30"]
[Round "8"]
[White "Chessdreamer2020"]
[Black "alexgo05"]
[Result "1/2-1/2"]
[WhiteElo "2561"]
[BlackElo "2401"]
[TimeControl "180+1"]
[EndTime "15:29:03 PST"]
[Termination "Game drawn - insufficient material"]

1. e4 c6 2. d4 g6 3. Nc3 d5 4. h3 Bg7 5. Nf3 dxe4 6. Nxe4 Nf6 7. Nxf6+ exf6 8. Bd3 O-O 9. O-O Be6 10. Re1 Nd7 11. c4 a5 12. a4 Nb6 13. b3 Re8 14.
Bb2 Qd7 15. Qd2 Nc8 16. Rad1 Nd6 17. Bc3 b6 18. Qf4 Bf5 19. Bf1 Bc2 20. Ra1 Rxe1 21. Nxe1 Bxb3 22. c5 bxc5 23. dxc5 Nb7 24. Rb1 Ba2 25.
Rb2 Be6 26. Bd4 Rd8 27. Be3 f5 28. Rb6 Bf8 29. Qe5 Bg7 30. Qf4 Bf8 31. Nd3 Qe7 32. Ne5 Nxc5 33. Nxc6 Qd6 34. Nxd8 Qxb6 35. Nxe6 fxe6 36.
Qe5 Qd6 37. Qf6 Qe7 38. Qc3 Nxa4 39. Qxa5 Nc5 40. Bc4 Nd7 41. Qa6 Kf7 42. Qa1 Bg7 43. Qb1 Nf8 44. Qb3 Bf6 45. Qb5 Kg7 46. Bc5 Qf7 47. Qb8 Nd7 48. Qc7 Nxc5 49. Qxc5 Be7 50. Qc6 Qf6 51. Bxe6 Kh6 52. g3 Kg7 53. Qd5 h5 54.
Qd7 h4 55. Kg2 hxg3 56. Kxg3 Qg5+ 57. Kh2 Kf6 58. Bd5 Qf4+ 59. Kg2 Bd6 60. Qe6+ Kg5 61. Qe3 Qxe3 62. fxe3 Bc5 63. Kf3 Kh4 64. Bf7 g5 65. Bg6 g4+ 66. hxg4 fxg4+ 67. Kg2 Bxe3 68. Bf5 Bf4 69. Bxg4 1/2-1/2

[Event "Late-Titled-Tuesday-Blitz-January-30-2024"]
[Site "Chess.com"]
[Date "2024.01.30"]
[Round "8"]
[White "Mops_2004"]
[Black "vesalhamedinia"]
[Result "1-0"]
[WhiteElo "2773"]
[BlackElo "2501"]
[TimeControl "180+1"]
[EndTime "15:29:04 PST"]
[Termination "Mops_2004 won by checkmate"]

1. f4 d5 2. Nf3 c5 3. e3 Nf6 4.
b3 Nc6 5. Bb5 Qc7 6. Ne5 Bd7 7.
Nxd7 Nxd7 8. Bb2 e6 9. O-O a6 10. Be2 Nf6 11. d3 Be7 12. Nd2 O-O 13. g4 d4 14. e4 b5 15. g5 Ne8 16. h4 f6 17. Kg2 fxg5 18. fxg5 Ne5 19. Bg4 Qd6 20. Bh3 Ng6 21. Rxf8+ Bxf8 22. Qg4 Nf4+ 23. Kh1 e5 24. a4 Nc7 25. Nf3 Re8 26. axb5 axb5 27. Bc1 Nxh3 28.
Qxh3 c4 29. Ba3 b4 30. Bc1 cxd3 31. cxd3 Nb5 32. Bd2 Nc3 33. h5 Qc6 34. Qf5 Qe6 35. Qxe6+ Rxe6 36. Ra5 Bd6 37. Ra6 Kf7 38. g6+ hxg6 39.
Ng5+ Kf6 40. Nxe6 Kxe6 41. hxg6 Ke7 42. Kg2 Ne2 43. Bg5+ Ke6 44. Kf3 Ng1+ 45. Kf2 Nh3+ 46. Kf3 Nxg5+ 47. Kg4 Nxe4 48. dxe4 d3 49. Kf3 Ke7 50.
Ke3 Bc5+ 51. Kxd3 Bd4 52. Kc4 Bc3 53. Kd5 Bd4 54. Re6+ Kd7 55. Rxe5 Bxe5 56. Kxe5 Ke7 57. Kd5 Kd7 58. e5 Ke7 59. e6 Kd8 60. Kd6 Ke8 61. Kc5 Ke7 62. Kxb4 Kxe6 63. Ka5 Kf6 64. b4 Kxg6 65.
b5 Kh5 66. b6 g5 67. b7 g4 68. b8=Q Kh4 69. Qh2+ Kg5 70. Qg3 Kf5 71. Kb4 Kg5 72.
Kc4 Kf5 73. Kd4 Kg5 74. Ke4 Kh5 75. Kf4 Kh6 76. Qxg4 Kh7 77. Kf5 Kh6 78. Qg6# 1-0

[Event "Late-Titled-Tuesday-Blitz-January-30-2024"]
[Site "Chess.com"]
[Date "2024.01.30"]
[Round "8"]
[White "Mazetovic"]
[Black "GothamChess"]
[Result "1-0"]
[WhiteElo "2636"]
[BlackElo "2733"]
[TimeControl "180+1"]
[EndTime "15:29:22 PST"]
[Termination "Mazetovic won by resignation"]

1. e4 e6 2. d3 Nc6 3. Nf3 e5 4. Nbd2 d5 5. g3 dxe4 6. dxe4 h5 7. h4 Nh6 8. Bc4 Bg4 9. c3 Qd7 10. Qa4 f6 11. b4 a6 12. b5 Na7 13. Rb1 Rd8 14. O-O Bc5 15. Ba3 Bxa3 16. Qxa3 Nxb5 17. Bxb5 axb5 18. c4 Qe7 19. Qxe7+ Kxe7 20. Rxb5 b6 21.
c5 Bd7 22. Rb2 b5 23. c6 Bxc6 24. Rc1 Rd6 25. Rbc2 Bd7 26. Rxc7 Ra8 27. R1c2 Ra3 28. Nb3 Kd8 29. Rb7 Rc6 30. Rd2 Rc7 31. Rxb5 Ng4 32.
Rb8+ Ke7 33. Rg8 Kf7 34. Rd8 Bc6 35. Rc2 Rd7 36. Rxd7+ Bxd7 37. Nfd2 Be6 38. f3 Ne3 39. Rb2 Nd1 40. Rc2 Ne3 41. Rc7+ Kg6 42. Nc1 Nd1 43. Rc2 Nc3 44. Ndb3 Nxa2 45. Rxa2 Rxa2 46. Nxa2 Bxb3 47. Nc3 Bc4 48. Kf2 Kf7 49. Ke3 Ke6 50. f4 Bf1 51.
Nd5 Bc4 52. Nb4 Kd6 53. Nc2 Ba6 54.
Ne1 Bb7 55. Nf3 Ke6 56. fxe5 fxe5 57. Ng5+ Kf6 58. Kd3 Ba8 59. Kc3 Bb7 60. Kb4 Bc8 61. Kc5 Bg4 62. Kd6 Bd1 63. Nh7+ Kg6 64. Nf8+ Kf7 65.
Nd7 Bc2 66. Nxe5+ Kg8 67. Kd5 Kf8 68. Ng6+ Kf7 69. Nf4 g6 70. e5 Bb3+ 71. Kd6 Ba4 72. Nh3 Kg7 73. Ke7 Kh6 74. Ng5 Kg7 75. Ne6+ Kh6 76.
Kf6 Kh7 77. Ng5+ Kg8 78. e6 Kh8 79. Kxg6 Be8+ 80. Nf7+ Kg8 81. Kf6 Kf8 82. e7+ Kg8 83. Nd6 Bd7 84. e8=Q+ 1-0

[Event "Late-Titled-Tuesday-Blitz-January-30-2024"]
[Site "Chess.com"]
[Date "2024.01.30"]
[Round "8"]
[White "alexrustemov"]
[Black "OneTrickPony_82"]
[Result "0-1"]
[WhiteElo "2732"]
[BlackElo "2520"]
[TimeControl "180+1"]
[EndTime "15:31:00 PST"]
[Termination "OneTrickPony_82 won by checkmate"]

1. d4 Nf6 2. c4 e6 3. Nf3 d5 4.
cxd5 exd5 5. Nc3 c6 6. Bf4 Bf5 7. e3 Bd6 8. Bxd6 Qxd6 9. Nh4 Be6 10. Bd3 O-O 11. O-O Nbd7 12. h3 g6 13. Nf3 Rfe8 14.
Rb1 a5 15. a3 Qe7 16. Qc2 Rec8 17. Rfc1 b5 18. Ne2 a4 19. Nf4 Nb6 20. Qc5 Qxc5 21. dxc5 Nc4 22. Nd4 Bd7 23. Re1 Re8 24. Re2 Re7 25. Rbe1 Rae8 26. h4 Kg7 27. Bxc4 bxc4 28. Rc2 Ne4 29. Nfe2 Nxc5 30. Nc3 Rb8 31. Ree2 Nd3 32.
Red2 Ree8 33. Nde2 Nc5 34. Nd4 Rb7 35. Kh2 Ra8 36. Kg3 Nb3 37. Nxb3 Rxb3 38. f3 Be6 39. Kf4 Kf6 40. g4 h6 41. g5+ hxg5+ 42. hxg5+ Ke7 43. Ke5 Rh8 44. e4 Rh5 45. Kf4 Rh4+ 46. Ke5 Rh3 47. Kf4 Kd6 48. Rd1 Rh4+ 49. Kg3 Rh3+ 50. Kf4 Ke7 51.
exd5 cxd5 52. Re2 Kf8 53. Rf2 Kg7 54. Nxd5 Bxd5 55. Rxd5 c3 56. bxc3 Rxc3 57. Rd7 Rxa3 58.
Kg4 Rh1 59. Rc2 Rg1+ 60. Kf4 Rf1 61. Kg4 Raxf3 62. Rcc7 a3 63. Ra7 Rf4+ 64. Kg3 R1f3+ 65. Kg2 Rf2+ 66. Kg3 R4f3+ 67. Kg4 a2 68. Rxa2 Rf4+ 69. Kg3 Rxa2 70. Kxf4 Ra5 71. Kg4 Ra4+ 72. Kg3 Kf8 73.
Rb7 Ke8 74. Kf3 Rc4 75. Kg3 Rd4 76. Kf3 Rd7 77. Rb6 Ke7 78. Ra6 Rd6 79. Ra7+ Ke6 80. Kf4 Rd4+ 81. Kf3 Rd5 82. Kg4 Rd4+ 83. Kf3 Rc4 84.
Ra6+ Kd5 85. Rf6 Rc7 86. Kg4 Re7 87. Rf1 Rd7 88. Rd1+ Ke6 89. Re1+ Kd6 90. Rd1+ Ke7 91. Re1+ Kd8 92. Ra1 Rd6 93. Kf4 Ke7 94. Ke5 Re6+ 95. Kf4 Rc6 96. Ra7+ Ke6 97. Ra4 Rd6 98. Kg4 Rd5 99.
Ra6+ Ke5 100. Rf6 Rd4+ 101. Kg3 Rd7 102. Kg4 Ke4 103. Rf4+ Ke5 104. Rf1 Rd4+ 105. Kg3 Ke6 106. Rf2 Re4 107. Rf6+ Ke7 108. Ra6 Re5 109. Kf4 Re6 110. Ra7+ Kf8 111. Ra6 Rxa6 112. Ke5 Ra5+ 113. Kf4 Rf5+ 114. Kg4 Ke7 115. Kh4 Ke6 116. Kg4 Ke5 117. Kh4 Kf4 118. Kh3 Rxg5 119. Kh4 f6 120. Kh3 Kf3 121. Kh2 f5 122.
Kh1 Kf2 123. Kh2 Rh5# 0-1

[Event "Late-Titled-Tuesday-Blitz-January-30-2024"]
[Site "Chess.com"]
[Date "2024.01.30"]
[Round "9"]
[White "dennisodessa"]
[Black "GiorgianBarbosa"]
[Result "0-1"]
[WhiteElo "2584"]
[BlackElo "2475"]
[TimeControl "180+1"]
[EndTime "15:40:26 PST"]
[Termination "GiorgianBarbosa won by resignation"]

1. d4 Nf6 2. c4 g6 3. Nc3 Bg7 4. e4 O-O 5. f3 d6 6. Be3 a6 7. Qd2 e5 8. d5 h5 9. Bd3 c6 10. Nge2 b5 11. O-O b4 12. Na4 c5 13.
a3 a5 14. axb4 axb4 15. Ra2 Nh7 16. Rfa1 f5 17. Nxc5 Rxa2 18. Rxa2 dxc5 19. Bxc5 Na6 20. Bxb4 Qb6+ 21. c5 Qxb4 22. Qxb4 Nxb4 23. Ra3 Nxd3 24.
Rxd3 Ba6 25. Rd2 Bh6 26. f4 fxe4 0-1

[Event "Late-Titled-Tuesday-Blitz-January-30-2024"]
[Site "Chess.com"]
[Date "2024.01.30"]
[Round "9"]
[White "Arlo2024"]
[Black "neri_gaite"]
[Result "1-0"]
[WhiteElo "2272"]
[BlackElo "2023"]
[TimeControl "180+1"]
[EndTime "15:41:05 PST"]
[Termination "Arlo2024 won by resignation"]

1. e4 e6 2. d4 d5 3. Nd2 c5 4.
exd5 Qxd5 5. Ngf3 cxd4 6. Bc4 Qd7 7. O-O Nf6 8. Nb3 Nc6 9. Nbxd4 Nxd4 10. Nxd4 a6 11. Re1 Bd6 12. Bg5 b5 13. Nxe6 fxe6 14.
Bxe6 Qc7 15. Bxf6 gxf6 16. Bd5+ Kf8 17. Bxa8 Bxh2+ 18. Kh1 Rg8 19. Qh5 1-0

[Event "Late-Titled-Tuesday-Blitz-January-30-2024"]
[Site "Chess.com"]
[Date "2024.01.30"]
[Round "9"]
[White "ccccvhhhj"]
[Black "Arteler"]
[Result "0-1"]
[WhiteElo "2425"]
[BlackElo "2570"]
[TimeControl "180+1"]
[EndTime "15:41:17 PST"]
[Termination "Arteler won by resignation"]

1. e4 e6 2. Nf3 d5 3. e5 c5 4.
b4 cxb4 5. a3 bxa3 6. Nxa3 Nc6 7. c3 f6 8. d4 Nge7 9. Bd3 fxe5 10.
dxe5 Ng6 11. Qe2 Be7 12. Nb5 O-O 13. O-O Bd7 14. Bxg6 hxg6 15. Nbd4 g5 16. Ba3 Bxa3 17. Rxa3 g4 18. Nd2 Qg5 19. Nxc6 Bxc6 20. Nb3 Rf5 21. Nd4 Rxe5 22. Qd3 Qf4 23. Raa1 a5 24. Rfe1 Rxe1+ 25.
Rxe1 e5 26. Ne6 Qf6 27. Nc5 a4 28. c4 d4 29. Ne4 Qf5 30. c5 Bxe4 31. Rxe4 a3 32. Re1 Qxd3 0-1